 Dungeon Crawl Stone Soup version 0.26.1-11-gd32895ea62 (webtiles) character file.

Game seed: 9158878528829441374

2371 Gabide the Shooter (level 9, -23/65 (71) HPs)
             Began as a Demigod Hunter on July 20, 2021.
             Killed from afar by a gargoyle (29 damage)
             ... with a stone arrow
             ... on level 9 of the Dungeon.
             The game lasted 00:20:42 (9263 turns).

Gabide the Shooter (Demigod Hunter)                 Turns: 9263, Time: 00:20:43

HP:   -23/65 (71)   AC:  7    Str: 17    XL:     9   Next: 1%
MP:   11/11         EV: 15    Int: 15    God:
Gold: 383           SH:  0    Dex: 20    Spells: 8/8 levels left

rFire    . . .     SeeInvis .   a - +2 shortbow
rCold    + . .     Faith    .   (shield currently unavailable)
rNeg     . . .     Spirit   .   q - +3 leather armour
rPois    .         Reflect  .   (no helmet)
rElec    .         Harm     .   o - +0 cloak
rCorr    +         Rampage  .   (no gloves)
Will     .....                  (no boots)
Stlth    ++........             (no amulet)
HPRegen  0.20/turn              e - ring of protection from cold
MPRegen  0.12/turn              r - ring of resist corrosion

@: mighty, drained
A: high mp 1
a: no special abilities


You were on level 9 of the Dungeon.
You visited 1 branch of the dungeon, and saw 9 of its levels.
You also visited: Sewer.

You collected 383 gold pieces.

Inventory:

Hand Weapons
 a - a +2 shortbow (weapon)
 b - a +0 great sword
 x - the +9 whip "Lifebane" {venom, *Slow rElec rPois Int+6}
   (You found it on level 10 of the Dungeon)

   It poisons the flesh of those it strikes.
   It affects your intelligence (+6).
   It insulates you from electricity.
   It protects you from poison.
   It may slow you when you take damage.
Missiles
 d - 8 arrows (quivered ammo)
Armour
 o - a +0 cloak (worn)
 q - a +3 leather armour (worn)
Jewellery
 e - a ring of protection from cold (left hand)
 r - a ring of resist corrosion (right hand)
Wands
 g - a wand of iceblast (2)
 k - a wand of acid (20)
 t - a wand of enslavement (1)
 v - a wand of flame (27)
Scrolls
 f - 4 scrolls of magic mapping
 n - 6 scrolls of remove curse
 w - 2 scrolls of blinking
 A - a scroll of amnesia
Potions
 c - a potion of lignification
 h - 3 potions of might
 i - 4 potions of curing
 j - a potion of berserk rage {unknown}
 l - a potion of heal wounds
 m - a potion of ambrosia {unknown}
 p - a potion of attraction {unknown}
 s - a potion of brilliance {unknown}
 u - a potion of invisibility {unknown}


   Skills:
 + Level 4.2 Fighting
 - Level 6.5 Long Blades
 * Level 7.2 Bows
 + Level 3.0 Armour
 * Level 4.5 Dodging
 - Level 1.0 Stealth
 + Level 0.1 Evocations


You had 8 spell levels left.
You didn't know any spells.
Your spell library was empty.

Dungeon Overview and Level Annotations

Branches:
Dungeon (10/15)            Temple (0/1) D:5           Sewer (visited)
   Lair: D:8-11         Orc: D:9-12

Annotations:
D:4 2 transporters, Sensen's ghost, amateur GnWr


Innate Abilities, Weirdness & Mutations

You have an increased reservoir of magic. (+10% MP)


Message History

Press: ? - help, Q - select action, (/) - cycle Shift-Dir - straight line, f/p - gargoyle
Aim: a gargoyle, wielding a +0 morningstar (moderately damaged, 80% to hit)
You shoot an arrow. The arrow barely misses the gargoyle.
The gargoyle misses you.
You feel very mighty all of a sudden.
The gargoyle hurls a stone arrow at you.
The stone arrow misses you.
You feel much better.
The gargoyle hurls a stone arrow at you.
The stone arrow hits you!
Fire: 9 arrows
Press: ? - help, Q - select action, (/) - cycle Shift-Dir - straight line, f/p - gargoyle
Aim: a gargoyle, wielding a +0 morningstar (moderately damaged, 80% to hit)
You shoot an arrow. The arrow hits the gargoyle!
The gargoyle is severely damaged.
The gargoyle hits you with a +0 morningstar!!
* * * LOW HITPOINT WARNING * * *
The gargoyle hurls a stone arrow at you.
The stone arrow hits you!!
You die...

#................#
##................#
..................#
########...........#
#.......########...#
#.######.......#....
#.....######.#.#.##
#.####.....#
#..@####.# #.##.9.#
# #[##.# #$) # ##$
.# #


You could see a gargoyle.

Vanquished Creatures
  A water moccasin (D:5)
  A black bear (D:7)
  A necrophage (D:7)
  4 ogres
  2 centaurs
  2 bullfrogs
  An elf zombie (D:6)
  An elf skeleton (D:6)
  A scorpion (D:5)
  2 howler monkeys (D:5)
  8 wights
  A bullfrog zombie (D:6)
  A centaur zombie (D:5)
  A quasit (D:5)
  2 hounds (D:4)
  2 human zombies (D:6)
  Crazy Yiuf (D:4)
  An orc priest (D:5)
  4 orc wizards
  3 iguanas
  4 worker ants
  A hound skeleton (D:5)
  9 adders
  4 gnolls (D:3)
  3 white imps
  An ufetubus (D:10)
  6 oozes
  2 adder skeletons
  4 worms
  3 dart slugs
  6 leopard geckos
  10 orcs
  9 bats
  10 giant cockroaches
  8 goblins
  9 hobgoblins
  3 jackals
  A quokka (D:3)
  5 ball pythons
  5 frilled lizards
  A jackal skeleton (D:4)
  21 kobolds
  A leopard gecko skeleton (D:4)
  2 orc skeletons (D:6)
  2 quokka skeletons (D:5)
  15 rats
185 creatures vanquished.

Vanquished Creatures (others)
  4 plants
4 creatures vanquished.

Grand Total: 189 creatures vanquished

Notes
Turn   | Place    | Note
-------+----------+-------------------------------------------
     0 | D:1      | Gabide the Demigod Hunter began the quest for the Orb.
     0 | D:1      | Reached XP level 1. HP: 17/17 MP: 3/3
    37 | D:1      | Reached skill level 1 in Stealth
    49 | D:1      | Reached skill level 4 in Bows
    94 | D:1      | Reached XP level 2. HP: 24/24 MP: 4/4
   754 | D:2      | Reached XP level 3. HP: 23/29 MP: 5/5
  1124 | D:2      | Reached skill level 5 in Bows
  1174 | D:2      | Reached XP level 4. HP: 36/36 MP: 6/6
  1492 | D:2      | Found a shadowy altar of Dithmenos.
  1777 | D:3      | Found a glowing drain.
  1830 | Sewer    | Entered a sewer
  2405 | D:3      | Found an iron altar of Okawaru.
  2494 | D:3      | Found a radiant altar of Vehumet.
  2495 | D:3      | Found a white marble altar of Elyvilon.
  2517 | D:3      | Reached XP level 5. HP: 34/41 MP: 7/7
  3127 | D:3      | Reached skill level 1 in Armour
  3421 | D:3      | Found a shimmering blue altar of Sif Muna.
  3563 | D:4      | Noticed an ogre
  3582 | D:4      | Killed an ogre
  3583 | D:4      | Reached skill level 1 in Long Blades
  3633 | D:4      | Reached XP level 6. HP: 50/50 MP: 8/8
  3669 | D:4      | Reached skill level 6 in Bows
  3916 | D:4      | Found a transporter.
  3917 | D:4      | Noticed Sensen's ghost (amateur GnWr)
  3932 | D:4      | Found a transporter.
  4072 | D:4      | Found a runed translucent door.
  4073 | D:4      | Noticed Crazy Yiuf
  4084 | D:4      | Killed Crazy Yiuf
  4643 | D:4      | HP: 1/50 [something/magic dart (5)]
  5324 | D:5      | Entered Level 5 of the Dungeon
  5421 | D:5      | Found a staircase to the Ecumenical Temple.
  5435 | D:5      | Reached XP level 7. HP: 51/57 MP: 9/9
  7076 | D:5      | Reached XP level 8. HP: 27/63 MP: 10/10
  7412 | D:6      | Reached skill level 5 in Long Blades
  7565 | D:6      | Found a sand-covered staircase.
  8093 | D:6      | Reached skill level 7 in Bows
  8497 | D:7      | Identified the +0 ring mail "Seufacsu" {rN+}
  9079 | D:7      | You fall into a shaft and drop 3 floors!
  9079 | D:10     | Entered Level 10 of the Dungeon
  9080 | D:10     | Noticed an elephant
  9084 | D:10     | Noticed a troll
  9112 | D:10     | Reached XP level 9. HP: 48/65 MP: 11/11
  9149 | D:10     | Got an iridescent whip
  9229 | D:9      | Identified the +9 whip "Lifebane" {venom, *Slow rElec rPois
                  | Int+6} (You found it on level 10 of the Dungeon)
  9242 | D:9      | Noticed a gargoyle
  9263 | D:9      | Killed from afar by a gargoyle

Illustrated notes

Levels and vault maps discovered:
D:1:      dpeg_arrival_refuge, layout_loops_cross
D:2:      layout_loops_ring, overflow_temple_1_default, corexii_shack,
          eino_tiny_chamber
D:3:      layout_loops_ring, chequers_temple_overflow_statue_of_worship,
          lemuel_round_altar, cheibrodos_sewer_entry_drain, minmay_misc_feat_x,
          okawaru_gym_becter
D:4:      layout_cave_pools, serial_rivers, chequers_serial_rivers_small_a,
          chequers_serial_rivers_small_3, chequers_serial_rivers_micro_a,
          chequers_serial_rivers_small_3, chequers_serial_rivers_large_a,
          gammafunk_ghost_stat_death, kennysheep_cross_room, minmay_pentangle,
          uniq_crazy_yiuf_cottage
D:5:      layout_layer_cave, minmay_temple_entry_waves, minmay_fractal_squares_5
D:6:      layout_cave_pools, nicolae_ossuary_entry_catacombs, chequers_garden,
          grunt_ministairs_1, minmay_misc_feat_enclosed
D:7:      layout_gridville, serial_shops, kennysheep_little_box,
          uniq_prince_ribbit1
D:9:      minmay_distorted_concentric_squares, layout_rooms,
          makhleb_grotto_becter, nicolae_dithmenos_through_a_glass_darkly
D:10:     layout_irregular_city, david_lair_generic, serial_column_ruins,
          column_ruins_hut_pillars, column_ruins_temple_circle,
          column_ruins_columns_straight, column_ruins_open_small,
          column_ruins_grid_2, column_ruins_corridor_water,
          column_ruins_open_large, minivault_29, uniq_grum

Skill      XL: |  1  2  3  4  5  6  7  8 |
---------------+-------------------------+-----
Stealth        | 1 |  1.0
Bows           | 4 5 6 7 |  7.2
Fighting       | 2 3 4 |  4.2
Armour         | 1 2 3 |  3.0
Long Blades    | 1 2 4 6 |  6.5
Dodging        | 2 3 4 |  4.5
Evocations     | |  0.1

Action                   |  1- 3 |  4- 6 |  7- 9 || total
-------------------------+-------+-------+-------++-------
Melee: Great sword       |       |   129 |   218 ||   347
       Whip              |       |       |     8 ||     8
 Fire: Shortbow          |    96 |   161 |    12 ||   269
Evoke: Wand              |       |       |     2 ||     2
  Use: Scroll            |     3 |     4 |    11 ||    18
       Potion            |       |     7 |     7 ||    14
 Stab: Sleeping          |       |     1 |     2 ||     3
Armor: Ring mail         |     9 |    45 |       ||    54
       Leather armour    |     4 |    43 |   108 ||   155
Dodge: Dodged            |    22 |   153 |   248 ||   423
       Rpst.: Great sword |       |    41 |    61 ||   102
